 Dungeon Sprint DCSS version 0.17.1-3-g152610e (webtiles) character file.

34825 Groucho the Spry (level 12, -10/67 HPs)
             Began as a Spriggan Enchanter on Apr 27, 2016.
             Was the Champion of Dithmenos.
             Mangled by a spriggan defender
             ... wielding a +0 dagger
              (14 damage)
             ... in the Dungeon (Sprint III: "The Ten Rune Challenge") on Apr 29, 2016.
             The game lasted 00:36:01 (7060 turns).

Groucho the Spry (Spriggan Enchanter)               Turns: 7060, Time: 00:36:01

Health: -10/67     AC:  3    Str: 11    XL:     12   Next: 57%
Magic:  9/34       EV: 35    Int: 17    God:    Dithmenos [******]
Gold:   32         SH:  0    Dex: 19    Spells: 5 memorised, 33 levels left

rFire  . . .     SeeInvis +     a - +1 dagger
rCold  . . .     Clarity  .     b - +1 robe
rNeg   . . .     SustAt   .     (shield restricted)
rPois  .         Gourm    .     (helmet restricted)
rElec  .         Spirit   .     (no cloak)
rCorr  .         Warding  .     (gloves unavailable)
rMut   .         NoTele   +     (boots unavailable)
MR     ++...                    (no amulet)
Stlth  ++++++++++               (no ring)
                                (no ring)

@: mighty, wreathed by umbra, very quick, very resistant to hostile
enchantments, uncannily stealthy
A: unfitting armour, see invisible, herbivore 3, speed 3, mutation resistance 1,
slow metabolism 2, wild magic 1
a: Shadow Step, Shadow Form, Renounce Religion
}: 1/10 runes: barnacled


You were in the Dungeon.
You worshipped Dithmenos.
Dithmenos was exalted by your worship.
You were not hungry.

You visited 1 branch You collected 32 gold pieces.

Inventory:

Hand Weapons
 a - a +1 dagger (weapon)
 e - a +0 long sword
 p - a +0 short sword
Missiles
 k - 18 stones (quivered)
 r - 10 throwing nets
Armour
 b - a +1 robe (worn)
Scrolls
 i - 2 scrolls of holy word {unknown}
 j - 2 scrolls of blinking
 l - 4 scrolls of identify
 m - a scroll of remove curse {unknown}
Potions
 g - a potion of mutation
 h - a potion of magic
 o - 3 potions of cure mutation
Books
 c - a book of Maledictions

   Spells                             Type                      Level
   a - Corona                         Hexes                        1
   b - Ensorcelled Hibernation        Hexes/Ice                    2
   c - Confuse                        Hexes                        3
   d - Tukima's Dance                 Hexes                        3
   e - Dazzling Spray                 Conjuration/Hexes            3
 s - a book of Power

   Spells                             Type                      Level
   a - Fulminant Prism                Conjuration/Hexes            4
   b - Iskenderun's Mystic Blast      Conjuration                  4
   c - Venom Bolt                     Conjuration/Poison           5
   d - Bolt of Magma                  Conjuration/Fire/Earth       5
   e - Iron Shot                      Conjuration/Earth            6
   f - Orb of Destruction             Conjuration                  7
   g - Spellforged Servitor           Conjuration/Summoning        7
Comestibles
 d - 6 fruits
 n - 26 royal jellies


   Skills:
 * Level 10.3 Fighting
 * Level 13.0 Short Blades
 * Level 18.6 Dodging
 + Level 16.0 Stealth
 * Level 17.0 Spellcasting
 + Level 7.2 Conjurations
 * Level 17.0 Hexes
   Level 0.0 Evocations


You had 33 spell levels left.
You knew the following spells:

 Your Spells              Type           Power        Failure   Level  Hunger
a - Corona                Hex            #######      1%          1    None
b - Ensorcelled Hibernat  Hex/Ice        ######       1%          2    None
c - Confuse               Hex            #######.     1%          3    None
d - Dazzling Spray        Conj/Hex       ######..     1%          3    None
e - Tukima's Dance        Hex            #######.     1%          3    None


Dungeon Overview and Level Annotations

Branches:
Dungeon (1/1)

Altars:
Cheibriados
Dithmenos
Elyvilon
Fedhas
Gozag
Kikubaaqudgha
Makhleb
Nemelex Xobeh
Okawaru
Qazlal
Ru
Sif Muna
Trog
Vehumet
Xom
Yredelemnul
Zin
The Shining One
Jiyva
Lugonu

Shops:
D }?(

Annotations:
D Gastronok


Innate Abilities, Weirdness & Mutations

You are tiny and cannot use many weapons and most armour.
You have supernaturally acute eyesight.
You are a herbivore.
You cover ground extremely quickly.
You need consume almost no food.
You are somewhat resistant to further mutation.
Your spells are a little harder to cast, but a little more powerful.


Message History

Confirm with . or Enter, or press ? or * to list all spells.
Aiming: Dazzling Spray
Press: ? - help, Shift-Dir - straight line, f - spriggan defender
Aim: a spriggan defender, wielding a dagger (umbra)
The spray of energy hits the spriggan defender.
The spriggan defender is moderately wounded.
The spriggan defender hits you with a dagger!!
* * * LOW HITPOINT WARNING * * *
Drink which item? (? for menu, Esc to quit)
Okay, then.
Casting: Dazzling Spray
Confirm with . or Enter, or press ? or * to list all spells.
Aiming: Dazzling Spray
Press: ? - help, Shift-Dir - straight line, f/p - spriggan defender
Aim: a spriggan defender, wielding a dagger (black smoke, moderately wounded, umbra)
The spray of energy misses the spriggan defender.
Your shadow mimicks your spell!
The shadow shard hits the spriggan defender.
The spriggan defender hits you with a dagger!
You die...

#.##'≈≈≈≈§####+#####.#c≈≈§#
#..÷#≈≈......§§#)PPP.#
#≈§≈§
##.)#≈..+#######.[...# c§≈§
#####...#....))#.).PP# #§§
##......#♣♣♣._)#....P# c§
##'#############+#####
▓...........P▓#..§
▓≈≈P......P≈≈▓#.#####
▓≈≈≈P...PP≈≈≈▓#@#%PP
▓≈≈≈≈≈..≈≈≈≈≈▓#i#PP.
▓≈≈≈≈≈≈≈≈≈≈≈≈▓#§#P.
▓≈≈≈≈≈≈≈≈≈≈≈≈▓#§#i.
▓≈≈≈≈≈≈≈≈≈≈≈≈▓#§#.# #§
▓≈≈≈≈≈≈≈≈≈≈≈≈▓#§#i#.§§
▓≈≈≈≈≈≈≈≈≈≈≈≈▓#.#..§§
▓≈≈≈≈≈≈≈≈≈≈≈≈▓#.#§.§§§§
▓≈≈≈≈≈≈≈≈≈≈≈≈▓#.......§


You could see a spriggan defender.

Vanquished Creatures
  Rupert (D)
  A kraken (D)
  Harold (D)
  Maud (D)
  Erolcha (D)
  An alligator snapping turtle (D)
  4 death yaks (D)
  A swamp dragon (D)
  A death drake (D)
  A lindwurm (D)
  A spriggan druid (D)
  Joseph (D)
  2 black mambas (D)
  2 spiny frogs (D)
  A komodo dragon (D)
  A deep elf priest (D)
  3 wandering mushrooms (D)
  A fire drake (D)
  2 spriggan defenders (D)
  2 orc high priests (D)
  8 blink frogs (D)
  5 snapping turtles (D)
  A shadow (D)
  2 spriggans (D)
  4 redbacks (D)
  2 trapdoor spiders (D)
  A spatial vortex (D)
  2 swamp drakes (D)
  A necrophage (D)
  2 two-headed ogres (D)
  2 brain worms (D)
  A water elemental (D)
  32 killer bees (D)
  An electric eel (D)
  A jelly (D)
  2 orc priests (D)
  A wizard (D)
  A wolf (D)
  A necromancer (D)
  3 humans (D)
  A kobold demonologist (D)
  An ooze (D)
  3 rats (D)
  3 plants (D)
110 creatures vanquished.

Vanquished Creatures (collateral kills)
  A queen bee (D)
  2 hill giants (D)
  A two-headed ogre (D)
4 creatures vanquished.

Vanquished Creatures (others)
  2 draconian scorchers (D)
  2 hydras (D)
  A dancing weapon (D)
  3 yaktaurs (D)
  11 plants (D)
  4 tentacles (D)
  49 tentacle segments (D)
72 creatures vanquished.

Grand Total: 186 creatures vanquished

Notes
Turn   | Place    | Note
--------------------------------------------------------------
     0 | D        | Groucho the Spriggan Enchanter began the quest for the Orb.
     0 | D        | Reached XP level 1. HP: 9/9 MP: 5/5
     4 | D        | Reached skill level 1 in Fighting
    27 | D        | Noticed a wolf
    37 | D        | Killed a wolf
    37 | D        | Reached skill level 5 in Stealth
    37 | D        | Reached skill level 5 in Hexes
    37 | D        | Reached XP level 2. HP: 12/14 MP: 6/8
    37 | D        | Reached XP level 3. HP: 15/18 MP: 6/9
    54 | D        | Killed a yaktaur
    87 | D        | Reached skill level 6 in Stealth
   172 | D        | Killed a white draconian scorcher
   346 | D        | Learned a level 2 spell: Ensorcelled Hibernation
   350 | D        | Learned a level 3 spell: Confuse
   354 | D        | Learned a level 3 spell: Dazzling Spray
   354 | D        | Noticed a water elemental
   357 | D        | Killed a water elemental
   357 | D        | Reached skill level 5 in Dodging
   357 | D        | Reached XP level 4. HP: 21/23 MP: 11/13
   366 | D        | Noticed a jelly
   367 | D        | Noticed a shadow
   369 | D        | Killed a shadow
   369 | D        | Reached skill level 8 in Stealth
   369 | D        | Reached XP level 5. HP: 24/28 MP: 13/16
   369 | D        | Reached XP level 6. HP: 27/32 MP: 13/17
   388 | D        | Killed a jelly
   419 | D        | Killed a white draconian scorcher
   546 | D        | Found a stormy altar of Qazlal.
   546 | D        | Found a sacrificial altar of Ru.
   546 | D        | Found a burning altar of Makhleb.
   546 | D        | Found a shimmering altar of Xom.
   547 | D        | Noticed a spatial vortex
   547 | D        | Found a viscous altar of Jiyva.
   547 | D        | Found a shadowy altar of Dithmenos.
   547 | D        | Found a sparkling altar of Nemelex Xobeh.
   547 | D        | Found a corrupted altar of Lugonu.
   547 | D        | Found an opulent altar of Gozag.
   551 | D        | Killed a spatial vortex
   551 | D        | Reached skill level 5 in Short Blades
   551 | D        | Reached skill level 9 in Stealth
   556 | D        | Became a worshipper of Dithmenos the Shadowed
   582 | D        | Found a basalt altar of Yredelemnul.
   582 | D        | Found a snail-covered altar of Cheibriados.
   582 | D        | Found a blossoming altar of Fedhas.
   582 | D        | Noticed a necrophage
   582 | D        | Noticed a necromancer
   584 | D        | Killed a necromancer
   588 | D        | Killed a necrophage
   588 | D        | Reached XP level 7. HP: 33/37 MP: 10/20
   603 | D        | Found an iron altar of Okawaru.
   603 | D        | Found a bloodstained altar of Trog.
   603 | D        | Noticed a human
   604 | D        | Noticed a human
   609 | D        | Killed a human
   609 | D        | Reached * piety under Dithmenos
   609 | D        | Reached skill level 1 in Conjurations
   609 | D        | Reached skill level 10 in Hexes
   622 | D        | Killed a human
   622 | D        | Reached skill level 10 in Stealth
   622 | D        | Reached skill level 10 in Spellcasting
   755 | D        | Found a glowing silver altar of Zin.
   755 | D        | Found a glowing golden altar of the Shining One.
   755 | D        | Found a white marble altar of Elyvilon.
   756 | D        | Noticed a deep elf priest
   758 | D        | Killed a deep elf priest
   758 | D        | Reached XP level 8. HP: 42/42 MP: 21/23
   773 | D        | Found a radiant altar of Vehumet.
   774 | D        | Found a deep blue altar of Sif Muna.
   774 | D        | Found an ancient bone altar of Kikubaaqudgha.
   774 | D        | Noticed a wizard
   775 | D        | Killed a wizard
   775 | D        | Reached ** piety under Dithmenos
   775 | D        | Reached skill level 10 in Dodging
   788 | D        | Learned a level 3 spell: Tukima's Dance
   822 | D        | Noticed a two-headed ogre
   822 | D        | Noticed a two-headed ogre
   824 | D        | Noticed a two-headed ogre
   828 | D        | Killed a two-headed ogre
   831 | D        | Killed a two-headed ogre
   831 | D        | Reached skill level 5 in Fighting
   831 | D        | Reached skill level 11 in Hexes
   841 | D        | Killed a two-headed ogre
   841 | D        | Reached *** piety under Dithmenos
   853 | D        | Noticed a hill giant
   856 | D        | Killed a hill giant
   951 | D        | Noticed a hill giant
   951 | D        | Noticed Erolcha
   955 | D        | Killed a hill giant
   960 | D        | Killed Erolcha
   960 | D        | Reached skill level 12 in Hexes
   960 | D        | Reached XP level 9. HP: 45/47 MP: 14/25
   963 | D        | Noticed a redback
  1117 | D        | Noticed a trapdoor spider
  1199 | D        | Killed a redback
  1199 | D        | Reached **** piety under Dithmenos
  1207 | D        | Killed a trapdoor spider
  1384 | D        | Noticed a trapdoor spider
  1388 | D        | Killed a trapdoor spider
  1419 | D        | Noticed a wandering mushroom
  1424 | D        | Noticed a wandering mushroom
  1424 | D        | Noticed a wandering mushroom
  1425 | D        | Killed a wandering mushroom
  1427 | D        | Killed a wandering mushroom
  1429 | D        | Killed a wandering mushroom
  1429 | D        | Reached skill level 13 in Dodging
  1588 | D        | Noticed a spiny frog
  1588 | D        | Noticed a komodo dragon
  1588 | D        | Noticed a spiny frog
  1622 | D        | Killed a spiny frog
  1625 | D        | Killed a spiny frog
  1627 | D        | Killed a komodo dragon
  1627 | D        | Reached XP level 10. HP: 53/53 MP: 19/28
  1778 | D        | Noticed Harold
  1783 | D        | Noticed Joseph
  2213 | D        | Killed Harold
  2213 | D        | Reached skill level 14 in Dodging
  2276 | D        | Noticed a yaktaur
  2276 | D        | Noticed a yaktaur captain
  2276 | D        | Noticed an orc high priest
  2276 | D        | Noticed a yaktaur
  2309 | D        | Noticed a swamp drake
  2309 | D        | Noticed a fire drake
  2312 | D        | Killed a fire drake
  2314 | D        | Killed a swamp drake
  2320 | D        | Noticed a blink frog
  2320 | D        | Noticed a blink frog
  2339 | D        | Killed a blink frog
  2364 | D        | Killed a yaktaur
  2371 | D        | Killed a blink frog
  2371 | D        | Reached ***** piety under Dithmenos
  2371 | D        | Reached skill level 5 in Conjurations
  2492 | D        | Noticed a blink frog
  2492 | D        | Noticed a blink frog
  2496 | D        | Noticed a blink frog
  2502 | D        | Killed a blink frog
  2506 | D        | Killed a blink frog
  2509 | D        | Killed a blink frog
  2526 | D        | Noticed an elephant
  2527 | D        | Noticed an elephant
  2527 | D        | Noticed a dire elephant
  2527 | D        | Noticed a dire elephant
  2527 | D        | Noticed Gastronok
  2554 | D        | Noticed Rupert
  2561 | D        | Killed Rupert
  2561 | D        | Reached skill level 15 in Dodging
  2561 | D        | Reached XP level 11. HP: 58/58 MP: 19/30
  2714 | D        | Noticed a death yak
  2716 | D        | Noticed a death yak
  2716 | D        | Noticed a blink frog
  2722 | D        | Killed a death yak
  2722 | D        | Reached skill level 10 in Short Blades
  2723 | D        | Noticed an azure jelly
  2723 | D        | Noticed a death yak
  2723 | D        | Noticed an azure jelly
  2723 | D        | Noticed a blink frog
  2723 | D        | Noticed a death yak
  2724 | D        | Killed a death yak
  2724 | D        | Reached skill level 16 in Dodging
  2724 | D        | Reached skill level 15 in Hexes
  2725 | D        | Killed a blink frog
  2725 | D        | Reached skill level 15 in Spellcasting
  2726 | D        | Noticed a blink frog
  2726 | D        | Noticed a black mamba
  2727 | D        | Killed a death yak
  2728 | D        | Noticed a black mamba
  2729 | D        | Killed a death yak
  2730 | D        | Killed a blink frog
  2731 | D        | Killed a blink frog
  2737 | D        | Killed a black mamba
  2739 | D        | Killed a black mamba
  2756 | D        | Killed Joseph
  2756 | D        | Reached ****** piety under Dithmenos
  2757 | D        | Noticed a swamp dragon
  2758 | D        | Noticed a swamp drake
  2758 | D        | Noticed a swamp dragon
  2758 | D        | Noticed a swamp dragon
  2760 | D        | Killed a swamp dragon
  2761 | D        | Killed a swamp drake
  2761 | D        | Reached skill level 17 in Dodging
  3056 | D        | Noticed an azure jelly
  3056 | D        | Noticed an azure jelly
  3083 | D        | Noticed a redback
  3085 | D        | Killed a redback
  3086 | D        | Noticed a brain worm
  3089 | D        | Killed a brain worm
  3095 | D        | Noticed a brain worm
  3098 | D        | Killed a brain worm
  3102 | D        | Noticed a lindwurm
  3104 | D        | Noticed a redback
  3105 | D        | Killed a lindwurm
  3107 | D        | Killed a redback
  3111 | D        | Noticed a redback
  3112 | D        | Killed a redback
  3112 | D        | Reached skill level 15 in Stealth
  3113 | D        | Noticed Maud
  3115 | D        | Killed Maud
  3121 | D        | Noticed an electric eel
  3179 | D        | Noticed a seven-headed hydra
  3179 | D        | Noticed a seven-headed hydra
  3180 | D        | Killed an electric eel
  3315 | D        | Killed a seven-headed hydra
  3347 | D        | Killed a seven-headed hydra
  3624 | D        | Noticed a death drake
  3628 | D        | Killed a death drake
  3628 | D        | Reached XP level 12. HP: 66/66 MP: 33/33
  3983 | D        | Killed a yaktaur
  4235 | D        | Found a blossoming altar of Fedhas.
  4235 | D        | Noticed a spriggan
  4235 | D        | Noticed a spriggan druid
  4235 | D        | Noticed a spriggan
  4241 | D        | Killed a spriggan
  4243 | D        | Killed a spriggan druid
  4244 | D        | Killed a spriggan
  4874 | D        | Noticed a snapping turtle
  4882 | D        | Killed a snapping turtle
  4971 | D        | Noticed a kraken
  4971 | D        | Noticed a snapping turtle
  5080 | D        | Gained mutation: Your spells are a little harder to cast, but a little more powerful. [potion of mutation]
  5080 | D        | Gained mutation: You are somewhat resistant to further mutation. [potion of mutation]
  5319 | D        | Killed a snapping turtle
  5406 | D        | Noticed an alligator snapping turtle
  5406 | D        | Noticed a snapping turtle
  5407 | D        | Found Ikisupe's Antique Weapon Boutique.
  5407 | D        | Found Plog's Magic Scroll Shop.
  5407 | D        | Found Qunwypp's Gadget Emporium.
  5407 | D        | Noticed a snapping turtle
  5407 | D        | Noticed a snapping turtle
  5459 | D        | Killed an alligator snapping turtle
  5473 | D        | Killed a snapping turtle
  5498 | D        | Killed a snapping turtle
  5825 | D        | Got a barnacled rune of Zot
  5836 | D        | Killed a snapping turtle
  5836 | D        | Reached skill level 18 in Dodging
  5909 | D        | Killed a kraken
  6101 | D        | Noticed a killer bee
  6101 | D        | Noticed a killer bee
  6101 | D        | Noticed a queen bee
  6101 | D        | Noticed a killer bee
  6101 | D        | Noticed a killer bee
  6101 | D        | Noticed a killer bee
  6101 | D        | Noticed a killer bee
  6101 | D        | Noticed a killer bee
  6101 | D        | Noticed a killer bee
  6101 | D        | Noticed a killer bee
  6101 | D        | Noticed a killer bee
  6101 | D        | Noticed a killer bee
  6101 | D        | Noticed a killer bee
  6101 | D        | Noticed a killer bee
  6101 | D        | Noticed a killer bee
  6126 | D        | Noticed a killer bee
  6126 | D        | Noticed a killer bee
  6142 | D        | Killed a killer bee
  6145 | D        | Noticed a killer bee
  6147 | D        | Killed a killer bee
  6156 | D        | Killed a queen bee
  6157 | D        | Noticed a killer bee
  6159 | D        | Killed a killer bee
  6163 | D        | Killed a killer bee
  6163 | D        | Reached skill level 10 in Fighting
  6164 | D        | Noticed a killer bee
  6166 | D        | Noticed a killer bee
  6177 | D        | Killed a killer bee
  6185 | D        | Noticed a killer bee
  6188 | D        | Killed a killer bee
  6191 | D        | Noticed a killer bee
  6195 | D        | Killed a killer bee
  6212 | D        | Killed a killer bee
  6214 | D        | Killed a killer bee
  6217 | D        | Killed a killer bee
  6231 | D        | Noticed a killer bee
  6233 | D        | Killed a killer bee
  6235 | D        | Killed a killer bee
  6245 | D        | Noticed a killer bee
  6247 | D        | Killed a killer bee
  6270 | D        | Noticed a killer bee
  6274 | D        | Killed a killer bee
  6278 | D        | Noticed a killer bee
  6280 | D        | Killed a killer bee
  6282 | D        | Killed a killer bee
  6284 | D        | Noticed a killer bee
  6285 | D        | Killed a killer bee
  6288 | D        | Noticed a killer bee
  6289 | D        | Noticed a killer bee
  6289 | D        | Killed a killer bee
  6291 | D        | Killed a killer bee
  6293 | D        | Noticed a killer bee
  6293 | D        | Killed a killer bee
  6295 | D        | Killed a killer bee
  6297 | D        | Killed a killer bee
  6300 | D        | Noticed a killer bee
  6300 | D        | Killed a killer bee
  6303 | D        | Killed a killer bee
  6305 | D        | Killed a killer bee
  6307 | D        | Killed a killer bee
  6314 | D        | Noticed a killer bee
  6317 | D        | Killed a killer bee
  6320 | D        | Killed a killer bee
  6322 | D        | Killed a killer bee
  6325 | D        | Killed a killer bee
  6328 | D        | Killed a killer bee
  6330 | D        | Killed a killer bee
  6514 | D        | Noticed an orc priest
  6516 | D        | Noticed an orc high priest
  6516 | D        | Noticed an orc priest
  6522 | D        | Killed an orc high priest
  6524 | D        | Killed an orc priest
  6537 | D        | Killed an orc priest
  6542 | D        | Killed an orc high priest
  7011 | D        | Noticed a spriggan defender
  7013 | D        | Noticed a spriggan defender
  7013 | D        | Noticed a spriggan defender
  7014 | D        | Noticed a spriggan defender
  7043 | D        | Killed a spriggan defender
  7055 | D        | Killed a spriggan defender
  7056 | D        | HP: 3/67 [spriggan defender/dagger (23)]
  7060 | D        | Mangled by a spriggan defender

Action                   |  1- 3 |  4- 6 |  7- 9 | 10-12 || total
-------------------------+-------+-------+-------+-------++-------
Melee: Dagger            |    15 |     6 |    25 |   233 ||   279
       Short sword       |       |       |       |    57 ||    57
       Long sword        |       |       |       |    27 ||    27
Throw: Stone             |       |       |     1 |     4 ||     5
 Cast: Ensorcelled Hiber |       |     2 |    20 |    71 ||    93
       Confuse           |       |     2 |     2 |    21 ||    25
       Dazzling Spray    |       |     2 |       |    20 ||    22
       Tukima's Dance    |       |       |     4 |     5 ||     9
Invok: Shadow Step       |       |       |     3 |     1 ||     4
  Use: Potion            |     2 |       |       |     8 ||    10
       Scroll            |       |       |       |     2 ||     2
 Stab: Sleeping          |     6 |     4 |    16 |    64 ||    90
       Confused          |       |     1 |     2 |    13 ||    16
       Distracted        |       |       |       |     3 ||     3
  Eat: Bread ration      |       |       |       |     1 ||     1
